 Dungeon Crawl Stone Soup version 0.24.1-8-ga250c9d538 (webtiles) character file.

Game seed: 6590052911796532514, levelgen mode: deterministic

26 Descartes the Ducker (level 2, -2/14 HPs)
             Began as a Felid Monk on Apr 27, 2020.
             Slain by an adder (3 damage)
             ... on level 2 of the Dungeon.
             The game lasted 00:01:48 (1359 turns).

Descartes the Ducker (Felid Monk)                   Turns: 1359, Time: 00:01:49

Health: -2/14      AC:  1    Str:  7    XL:     2   Next: 89%
Magic:  3/3        EV: 20    Int: 11    God:
Gold:   67         SH:  4    Dex: 18    Spells: 1/1 levels left
                                        Lives:  0   Deaths: 0

rFire    . . .     SeeInvis +     - Unarmed
rCold    . . .     Gourm    .   (shield unavailable)
rNeg     . . .     Faith    .   (armour unavailable)
rPois    .         Spirit   .   (helmet unavailable)
rElec    .         Reflect  +   (cloak unavailable)
rCorr    .         Harm     .   (gloves unavailable)
MR       .....                  (boots unavailable)
Stlth    +++.......             e - +4 amulet of reflection
HPRegen  0.04/turn              (no ring)
MPRegen  0.08/turn              (no ring)

@: lethally poisoned (-2 -> -6), quick
A: very small, no armour, no weapons or thrown items, stealth, claws 1, fangs 3,
see invisible, carnivore, speed 1, shaggy fur 1, slow metabolism 1, sharp paws
a: no special abilities


You were on level 2 of the Dungeon.
You were completely stuffed.

You visited 1 branch of the dungeon, and saw 2 of its levels.

You collected 67 gold pieces.

Inventory:

Missiles
 h - 44 stones
 l - 18 arrows
Jewellery
 e - a +4 amulet of reflection (around neck)
Scrolls
 c - 4 scrolls of remove curse {unknown}
 f - a scroll of immolation {unknown}
 j - a scroll of enchant weapon {unknown}
 k - a scroll of identify {unknown}
Potions
 b - a potion of flight {unknown}
 d - a potion of resistance {unknown}
 i - 2 potions of curing {unknown}
Comestibles
 a - 2 rations
 g - 3 chunks of flesh


   Skills:
 + Level 3.2 Fighting
 + Level 4.3 Dodging
 + Level 3.2 Stealth
 * Level 3.5 Unarmed Combat


You had one spell level left.
You didn't know any spells.
Your spell library was empty.

Dungeon Overview and Level Annotations

Branches:
Dungeon (2/15)

Altars:


Innate Abilities, Weirdness & Mutations

You cannot wear armour.
You are incapable of wielding weapons or throwing items.
Your paws allow you to move quietly. (Stealth)
You have sharp claws.
You have razor-sharp teeth.
You have supernaturally acute eyesight. (SInv)
You are carnivorous and can eat meat at any time.
You cover ground quickly.
You are covered in fur. (AC +1)
You have a slow metabolism.
Your sharp claws are effective at attacking unaware monsters.


Message History

The adder is lightly wounded.
You feel sick. The adder barely misses you.
You scratch the adder.
The adder is heavily wounded.
The adder completely misses you.
You closely miss the adder.
The adder is heavily wounded.
You feel sick. The adder completely misses you.
You barely miss the adder.
The adder is heavily wounded.
The adder bites you.
* * * LOW HITPOINT WARNING * * *
Some of the chunks of flesh in your inventory have rotted away.
You closely miss the adder. Your claw misses the adder.
The adder is heavily wounded.
The adder misses you.
You closely miss the adder.
The adder is heavily wounded.
The adder bites you.
You die...

############
#[.........#######
.................(
#.# ######.#######
#.# #......# # #S#
#.###..# # #@#
##รท###..# #
#.###...##..### #
#.....#.......####
#####...#####.....
##.## ###### #.#
#.# #.# #.#


You could see an adder.

Vanquished Creatures
  A worm (D:2)
  A dart slug (D:1)
  A leopard gecko (D:1)
  2 bats
  A giant cockroach (D:1)
  3 goblins
  A hobgoblin (D:1)
  2 ball pythons
  2 kobolds (D:1)
  9 rats
  A plant (D:1)
24 creatures vanquished.

Notes
Turn   | Place    | Note
-------+----------+-------------------------------------------
     0 | D:1      | Descartes the Felid Monk began the quest for the Orb.
     0 | D:1      | Reached XP level 1. HP: 10/10 MP: 2/2
   225 | D:1      | Reached XP level 2. HP: 14/14 MP: 3/3
  1359 | D:2      | Slain by an adder

Levels and vault maps discovered:
D:1:      dpeg_arrival_long_road, layout_loops_ring, serial_forest,
          infiniplex_forest_lined_3_way, infiniplex_forest_lined_3,
          infiniplex_forest_lined_3, infiniplex_forest_corner_1,
          infiniplex_forest_clump_diagonal, infiniplex_forest_corner_1,
          infiniplex_forest_clump_tiny, infiniplex_forest_end_2
D:2:      layout_loops_ring, lemuel_crystal_altar, lemuel_crystal_altar,
          first_ration

Skill      XL: |  1 |
---------------+----+-----
Stealth        | 3 |  3.2
Fighting       | |  3.2
Dodging        | |  4.3
Unarmed Combat | |  3.5

Action                   || total
-------------------------++-------
Melee: Unarmed           ||   116
       Bite              ||    18
       Punch             ||     4
 Stab: Sleeping          ||     6
  Eat: Chunk             ||     8
Armor: Skin              ||     4
Dodge: Dodged            ||    46
Block: Other             ||     6
